Map: Dasan Station LE

Players

Gracz - Winner!

  • Race: Protoss Protoss
  • League: Silver

Evgeniy

  • Race: Zerg Zerg
  • League: Silver

VOD

Have the link to the VOD?

Description

Time

  • Played on: Oct. 2, 2016, 7:33 a.m.
  • Length: 5:40
Show
View Real Time Build Order
Export as new Build Order

Gracz Protoss - Winner!

Build Orders:  

Get SALT Encoding   

  12  0:02  Probe (Chrono Boost)  
  13  0:19  Pylon  
  13  0:21  Assimilator  
  13  0:26  Probe (Chrono Boost)  
  14  0:34  Pylon  
  14  0:44  Probe (Chrono Boost)  
  15  0:55  Probe (Chrono Boost)  
  16  0:58  Gateway  
  16  1:11  Gateway  
  16  1:17  Probe (Chrono Boost)  
  17  1:28  Probe (Chrono Boost)  
  18  1:45  Zealot  
  20  1:53  Gateway  
  20  1:55  Cybernetics Core  
  20  1:57  Probe (Chrono Boost)  
  21  2:02  Zealot  
  21  2:07  Pylon  
  23  2:30  Stalker  
  23  2:33  Stalker, Warp Gate  
  23  3:31  Stalker  
  23  3:34  Stalker  
  23  3:35  Stalker  
  29  3:45  Assimilator  
  29  3:46  Probe (Chrono Boost)  
  30  3:56  Twilight Council  
  30  3:58  Probe (Chrono Boost)  
  29  4:46  Stalker x2  
Show
View Real Time Build Order
Export as new Build Order

Evgeniy Zerg 

Build Orders: Pool First 

Get SALT Encoding   

  12  0:13  Extractor  
  11  0:15  Drone x3  
  14  0:37  Spawning Pool  
  14  0:42  Drone  
  14  0:47  Extractor  
  13  1:02  Drone  
  14  1:16  Overlord x2  
  14  1:17  Overlord  
  14  1:35  Drone  
  15  1:44  Queen  
  17  1:49  Zergling x2  
  18  2:28  Zergling x6  
  21  2:35  Queen  
  23  2:46  Roach Warren  
  20  3:11  Zergling x2  
  20  3:12  Zergling x8  
  23  3:53  Hatchery  
  22  4:03  Roach  
  20  4:27  Zergling x2  
  20  4:28  Spine Crawler  
  9  5:07  Zergling x2  
  7  5:09  Zergling x6  
  7  5:10  Zergling x2  
Tags
 
Add a new tag
Caveats
  • Supply blocks, unpowered buildings, or Contaminate may cause inaccurate times.
  • Supply counts are checked every 10 seconds.